 Dungeon Crawl Stone Soup version 0.21-a0-531-gacddea6 (webtiles) character file.

127 slep the Chopper (level 4, -5/38 HPs)
             Began as a Minotaur Gladiator on Dec 13, 2017.
             Slain by an orc priest
             ... wielding a +0 club
              (6 damage)
             ... on level 3 of the Dungeon.
             The game lasted 00:04:55 (1524 turns).

slep the Chopper (Minotaur Gladiator)               Turns: 1524, Time: 00:04:55

Health: -5/38      AC:  4    Str: 19    XL:     4   Next: 85%
Magic:  3/3        EV: 13    Int:  5    God:
Gold:   100        SH:  0    Dex: 12    Spells: 3/3 levels left

rFire    . . .     SeeInvis .   a - +0 war axe
rCold    . . .     Gourm    .   (no shield)
rNeg     . . .     Faith    .   b - +0 leather armour
rPois    .         Spirit   .   c - +0 hat
rElec    .         Reflect  .   (no cloak)
rCorr    .         Harm     .   i - +0 pair of gloves
MR       .....                  (no boots)
Stlth    +.........             (no amulet)
HPRegen  0.12/turn              (no ring)
MPRegen  0.08/turn              (no ring)

@: no status effects
A: retaliatory headbutt, horns 2
a: no special abilities


You were on level 3 of the Dungeon.
You were very hungry.

You visited 1 branch of the dungeon, and saw 3 of its levels.

You collected 100 gold pieces.

Inventory:

Hand Weapons
 a - a +0 war axe (weapon)
 u - a +1 trident of freezing
 v - a +1 hand axe of distortion
Missiles
 d - 3 throwing nets (quivered)
Armour
 b - a +0 leather armour (worn)
 c - a +0 hat (worn)
 i - a +0 pair of gloves (worn)
Scrolls
 j - a scroll of blinking {unknown}
 l - a scroll of enchant weapon {unknown}
 m - 2 scrolls of identify {unknown}
 n - a scroll of teleportation {unknown}
 o - a scroll of remove curse {unknown}
 p - 2 scrolls of amnesia {unknown}
 q - a scroll of enchant armour {unknown}
Potions
 e - 3 potions of brilliance {unknown}
 g - a potion of flight {unknown}
 k - 2 potions of invisibility {unknown}
 r - a potion of haste {unknown}
 s - a potion of cancellation {unknown}
 t - a potion of degeneration {unknown}
Comestibles
 f - 2 bread rations
 h - 4 meat rations


   Skills:
 + Level 3.0 Fighting
 + Level 5.3 Axes
 + Level 2.2 Throwing
 + Level 1.4 Armour
 + Level 4.2 Dodging
 + Level 0.1 Stealth


You had 3 spell levels left.
You didn't know any spells.

Dungeon Overview and Level Annotations

Branches:
Dungeon (3/15)

Altars:
Gozag
Makhleb
Qazlal
Sif Muna
Uskayaw


Innate Abilities, Weirdness & Mutations

You reflexively headbutt those who attack you in melee.
You have a pair of horns on your head.


Message History

* * * LOW HITPOINT WARNING * * *
The quokka bites you.
* * * LOW HITPOINT WARNING * * *
You hear a shout!
The quokka barely misses you. The orc priest barely misses you.
Things that are here:
a dagger; a robe You closely miss the orc priest.
You hit the quokka. You hit the hobgoblin.
You kill the hobgoblin!
The quokka barely misses you.
The orc wizard gestures wildly while chanting.
The orc wizard seems to speed up.
The quokka misses you. The orc priest closely misses you.
Unknown command.
You slash the orc priest! You headbutt the orc priest.
The orc priest is severely wounded.
You hit the quokka but do no damage. The quokka bites you.
* * * LOW HITPOINT WARNING * * *
The orc priest hits you with a club.
You die...

#.or....g #..# #.o?....#
##.# #...o.o.# #..
##...o%..##########.
.....r.............. #.#
#######. ## ######.#
#...... #.#
#..o...######......
###..####.@o.............<.
#........)r....######......
#.....<......[## #(.....
#.............# #######
#............##############
#........###...............
########## ############...#
###..### #...##


You could see an orc priest, an orc wizard and a quokka.

Vanquished Creatures
  An orc wizard (D:3)
  Robin (D:2)
  2 adders (D:2)
  3 dart slugs
  2 leopard geckos
  4 bats
  5 giant cockroaches
  10 hobgoblins
  4 kobolds
  2 ball pythons
  4 frilled lizards
  16 goblins
  2 rats (D:1)
56 creatures vanquished.

Notes
Turn   | Place    | Note
-------+----------+-------------------------------------------
     0 | D:1      | slep the Minotaur Gladiator began the quest for the Orb.
     0 | D:1      | Reached XP level 1. HP: 18/18 MP: 0/0
   114 | D:1      | Reached skill level 4 in Axes
   114 | D:1      | Reached XP level 2. HP: 16/25 MP: 1/1
   636 | D:2      | Reached XP level 3. HP: 30/30 MP: 2/2
   776 | D:2      | Found a burning altar of Makhleb.
   777 | D:2      | Found a stormy altar of Qazlal.
   779 | D:2      | Found a deep blue altar of Sif Muna.
   782 | D:2      | Found an opulent altar of Gozag.
   790 | D:2      | Found a hide-covered altar of Uskayaw.
   891 | D:2      | Found a deep blue altar of Sif Muna.
  1134 | D:2      | Reached XP level 4. HP: 37/37 MP: 3/3
  1140 | D:2      | Noticed Robin
  1145 | D:2      | Reached skill level 1 in Armour
  1152 | D:2      | Killed Robin
  1152 | D:2      | Reached skill level 5 in Axes
  1521 | D:3      | HP: 1/38 [quokka (1)]
  1524 | D:3      | Slain by an orc priest

Vault maps used:
D:1:      lemuel_arrival_broad_hall
D:2:      grunt_temple_overflow_open, first_bread, lemuel_blue_sif_altar,
          uniq_robin
D:3:      minmay_overflow_temple_star_hex

Skill      XL: |  1  2  3  4 |
---------------+-------------+-----
Axes           | 4 5 |  5.3
Dodging        | 4 |  4.2
Armour         | 1 |  1.4
Fighting       | 3 |  3.0
Throwing       | |  2.2
Stealth        | |  0.1

Action                   |  1- 3 |  4- 6 || total
-------------------------+-------+-------++-------
Melee: War axe           |    81 |    21 ||   102
       Headbutt          |    11 |     5 ||    16
       Hand axe          |       |     1 ||     1
  Eat: Chunk             |     1 |       ||     1
Armor: Leather armour    |    18 |    14 ||    32
Dodge: Dodged            |    52 |    22 ||    74

Table legend:
 A = Spawn XP
 B = Non-spawn XP
 C = Spawn XP percentage of total XP
 D = Spawn monster count
 E = Non-spawn monster count
 F = Spawn count percentage of total count
 G = Total turns spent on level
                    A         B        C        D         E        F      G
               +---------+---------+-------+---------+---------+-------+---------
         Total |       0 |     182 |   0.0 |       0 |      56 |   0.0 |  1524
               +---------+---------+-------+---------+---------+-------+---------
           D:1 |       0 |      40 |   0.0 |       0 |      21 |   0.0 |   632
           D:2 |       0 |      97 |   0.0 |       0 |      32 |   0.0 |   825
           D:3 |       0 |      45 |   0.0 |       0 |       3 |   0.0 |    67
               +---------+---------+-------+---------+---------+-------+---------
